 Dungeon Crawl Stone Soup version 0.28.0-47-ge53b351184 (webtiles) character file.

Game seed: 5861237408515774769

20070 acdeimund the Impaler (level 12, -7/100 HPs)
             Began as a Merfolk Gladiator on May 2, 2022.
             Was the Champion of Okawaru.
             Mangled by Rupert
             ... wielding a +6 vorpal battleaxe
              (34 damage)
             ... on level 2 of the Lair of Beasts.
             The game lasted 01:12:27 (14773 turns).

acdeimund the Impaler (Merfolk Gladiator)          Turns: 14773, Time: 01:12:28

Health: -7/100     AC: 23    Str: 17    XL:     12   Next: 75%
Magic:  12/12      EV: 16    Int:  8    God:    Okawaru [******]
Gold:   335        SH:  0    Dex: 17    Spells: 11/11 levels left

rFire   . . .      SeeInvis .   k - +5 scythe "Finisher" {speed, eviscerate}
rCold   . . .      Faith    .   (shield currently unavailable)
rNeg    + + .      Spirit   .   g - +7 pearl dragon scales of the Morning {rElec rN+}
rPois   .          Reflect  .   c - +1 helmet
rElec   +          Harm     .   r - scarf {shadows}
rCorr   +          Rampage  .   (no gloves)
Will    .....                   b - +0 pair of boots
Stlth   ..........              w - amulet of the acrobat
HPRegen 0.26/turn               m - ring of resist corrosion
MPRegen 0.13/turn               o - ring of positive energy

@: flying, hasted, very quick
A: (nimble swimmer 2), mertail
a: Renounce Religion, Heroism, Finesse, Duel


You were on level 2 of the Lair of Beasts.
You worshipped Okawaru.
Okawaru was exalted by your worship.
You visited 4 branches of the dungeon, and saw 15 of its levels.

You collected 991 gold pieces.
You spent 656 gold pieces at shops.

Inventory:

Hand Weapons
 a - a +4 trident of protection
 k - the +5 scythe "Finisher" (weapon) {speed, eviscerate}
   (You bought it in a shop on level 4 of the Dungeon)

   Attacks with this weapon are significantly faster.
   It may eviscerate those it strikes, slaying them instantly, with a decreasing
   chance against stronger foes.
 O - a +1 battleaxe of flaming
Missiles
 n - 12 poisoned darts
 P - 2 silver boomerangs
Armour
 b - a +0 pair of boots (worn)
 c - a +1 helmet (worn)
 d - a +4 chain mail
 g - the +7 pearl dragon scales of the Morning (worn) {rElec rN+}
   (You acquired it on level 8 of the Dungeon)

   rElec:     It insulates you from electricity.
   rN:        It protects you from negative energy.
 h - a +0 troll leather armour
 l - a +0 buckler
 r - a scarf of shadows (worn)
 y - a +0 ring mail of cold resistance
 E - a +1 cloak of preservation
 Q - the +2 hat of the Bear Spirit {Spirit, *Rage Will++}
   (Okawaru gifted it to you on level 2 of the Lair of Beasts)

   Going berserk makes the wearer tougher, and they're slowed less afterward.
   *Rage:     It berserks you when you make melee attacks (+20% chance).
   Will:      It greatly increases your willpower.
Jewellery
 f - a ring of positive energy
 m - a ring of resist corrosion (left hand)
 o - a ring of positive energy (right hand)
 w - an amulet of the acrobat (around neck)
 H - a ring of positive energy
 N - a ring of positive energy
Wands
 v - a wand of digging (8)
 z - a wand of flame (22) (quivered)
 B - a wand of paralysis (8)
 D - a wand of iceblast (13)
Scrolls
 q - 2 scrolls of amnesia
 C - a scroll of magic mapping {unknown}
 F - a scroll of vulnerability {unknown}
 I - 3 scrolls of teleportation
 J - 2 scrolls of identify
 K - a scroll of fog
 L - a scroll of enchant weapon
Potions
 e - 2 potions of mutation
 i - 4 potions of attraction
 j - a potion of curing
 s - a potion of berserk rage {unknown}
 t - 2 potions of invisibility
 u - 3 potions of degeneration {unknown}
 x - a potion of brilliance {unknown}


   Skills:
 + Level 11.4 Fighting
 + Level 15.0 Polearms
 + Level 7.3 Throwing
 + Level 6.4 Armour
 + Level 13.8 Dodging


You had 11 spell levels left.
You didn't know any spells.
Your spell library contained the following spells:

 Spells                   Type           Power      Damage    Failure   Level
 Gell's Gravitas          Tloc           0%         N/A       99%         3
 Lesser Beckoning         Tloc           0%         N/A       99%         3
 Stone Arrow              Conj/Erth      0%         3d7       99%         3
 Teleport Other           Tloc           0%         N/A       99%         3
 Freezing Cloud           Conj/Ice/Air   0%         6-21      100%        5
 Lehudib's Crystal Spear  Conj/Erth      0%         10d2      100%        8
 Polar Vortex             Ice            0%         N/A       100%        9
 Animate Armour           Summ/Erth      Unusable   N/A       N/A         4
 Summon Forest            Summ/Tloc      Unusable   N/A       N/A         5
 Summon Mana Viper        Hex/Summ       Unusable   N/A       N/A         5
 Simulacrum               Ice/Necr       Unusable   N/A       N/A         6
 Summon Cactus Giant      Summ           Unusable   N/A       N/A         6

Dungeon Overview and Level Annotations

Branches:
Dungeon (10/15)            Temple (1/1) D:6            Lair (3/6) D:9
    Orc (1/2) D:9
  Swamp: Lair:2-4    Shoals: Lair:2-4     Snake: Lair:2-4    Spider: Lair:2-4

Altars:
Ashenzari
Cheibriados
Dithmenos
Elyvilon
Fedhas
Gozag
Hepliaklqana
Kikubaaqudgha
Makhleb
Nemelex Xobeh
Okawaru
Qazlal
Ru
Sif Muna
Trog
Uskayaw
Vehumet
Wu Jian
Xom
Yredelemnul
Zin
The Shining One

Shops:
D:4 ([*   D:5 *

Annotations:
D:3 3 runed translucent doors, GilGalad's ghost, amateur DECj
D:4 1 runed translucent door, dornbeast's ghost, weakling DsDe
D:6 2 transporters, DemonSlayer's ghost, novice DgFE
D:7 Maggie
Lair:2 Rupert


Innate Abilities, Weirdness & Mutations

((You are very nimble when in or above water. (Stealth+, EV+, Speed+++)))
Your lower body shifts to a powerful aquatic tail in water.


Message History

The yak closely misses you. The yak gores you but does no damage.
Rupert misses you.
It was a potion of flight.
You feel very buoyant.
You fly up into the air.
Rupert completely misses you. The yak misses you.
The yak gores you but does no damage. x2
It was a potion of heal wounds.
You feel much better.
Rupert hits you with a +6 vorpal battleaxe!
The yak gores you but does no damage. The yak closely misses you.
The yak barely misses you.
Rupert hits you with a +6 vorpal battleaxe!!
* * * LOW HITPOINT WARNING * * *
x2 You feel much better.
Rupert completely misses you. The yak gores you!
* * * LOW HITPOINT WARNING * * *
The yak misses you. The yak completely misses you.
You feel much better.
Rupert hits you with a +6 vorpal battleaxe.
The yak gores you. The yak gores you but does no damage. The yak gores you.
Rupert hits you with a +6 vorpal battleaxe!!
* * * LOW HITPOINT WARNING * * *
x2 The yak completely misses you. x2
You feel yourself speed up. Rupert misses you. The yak completely misses you.
You bump into the rock wall.
Rupert hits you with a +6 vorpal battleaxe.
* * * LOW HITPOINT WARNING * * *
x2 The yak gores you.
* * * LOW HITPOINT WARNING * * *
The yak barely misses you. Rupert misses you.
You feel more buoyant.
You feel less confused. Rupert barely misses you.
The yak gores you but does no damage.
You feel more buoyant. Rupert barely misses you. The yak misses you.
The yak closely misses you.
You feel better. Rupert completely misses you. The yak completely misses you.
You feel better. The yak gores you!
* * * LOW HITPOINT WARNING * * *
Rupert closely misses you. The yak barely misses you. The yak misses you.
You feel better. The yak closely misses you.
Rupert hits you with a +6 vorpal battleaxe!!
You die...

###.......##
####....## ##.....
#### #P.... #..#
####.. ##.### ##..
#...P# ### ##...
###Y..# #.###..##
#.@Y..#####.#....#
#YY@...P##.......#
##..............##
#†.....###.#....##
##>.....#######.^.#
#........# ##..#
#........## ##P..
#.........# #...#
#.........## ###..#


You could see Rupert (berserk) and 4 yaks.

Vanquished Creatures
  2 hydras
  2 centaur warriors
  2 two-headed ogres
  An elephant (D:9)
  Maurice (D:9)
  A centaur zombie (D:10)
  A cane toad (Lair:2)
  2 rime drakes (Lair:2)
  2 komodo dragons (Lair:1)
  4 trolls
  A hornet (D:8)
  Grinder (D:4)
  2 shadows (D:10)
  A wyvern (D:7)
  37 yaks
  A basilisk (Lair:2)
  A warg (Orc:1)
  2 acid dragons
  5 water moccasins
  2 sky beasts
  2 orc warriors
  2 black bears
  4 wolves (Lair:1)
  6 ogres
  12 centaurs
  2 kobold brigands (D:8)
  Blork the orc (D:4)
  2 gnoll sergeants
  6 bullfrogs
  A scorpion (D:5)
  2 wyvern zombies
  A water moccasin skeleton (D:2)
  38 killer bees
  An electric eel (D:9)
  4 howler monkeys
  2 bullfrog zombies
  A centaur skeleton (D:6)
  A jelly (D:4)
  7 orc priests
  Ijyb (D:5)
  4 iguanas
  8 orc wizards
  A killer bee zombie (D:6)
  2 hound skeletons (D:4)
  Robin (D:4)
  A howler monkey skeleton (D:6)
  9 gnolls
  3 adders
  A white imp (D:8)
  An adder zombie (D:5)
  An adder skeleton (D:4)
  A dart slug (D:3)
  41 orcs
  2 bats (D:1)
  7 endoplasms
  8 giant cockroaches
  12 goblins
  12 hobgoblins
  4 jackals
  9 kobolds
  3 quokkas
  5 ball pythons
  3 frilled lizards
  8 rats
314 creatures vanquished.

Vanquished Creatures (others)
  9 fungi
  3 plants
  6 toadstools
18 creatures vanquished.

Grand Total: 332 creatures vanquished

Notes
Turn   | Place    | Note
-------+----------+-------------------------------------------
     0 | D:1      | acdeimund the Merfolk Gladiator began the quest for the
                  | Orb.
     0 | D:1      | Reached XP level 1. HP: 16/16 MP: 1/1
    88 | D:1      | Reached XP level 2. HP: 22/23 MP: 2/2
   603 | D:1      | Reached skill level 5 in Polearms
   610 | D:1      | Reached XP level 3. HP: 26/28 MP: 3/3
  1016 | D:2      | Found a faded altar of an unknown god.
  1238 | D:2      | Reached skill level 5 in Dodging
  1238 | D:2      | Reached XP level 4. HP: 14/35 MP: 4/4
  2123 | D:3      | Reached XP level 5. HP: 37/41 MP: 5/5
  2190 | D:3      | You fall into a shaft and drop 2 floors!
  2190 | D:5      | Entered Level 5 of the Dungeon
  2216 | D:5      | Reached skill level 6 in Polearms
  2216 | D:5      | Noticed an ogre
  2224 | D:5      | Killed an ogre
  2225 | D:5      | Reached XP level 6. HP: 48/48 MP: 6/6
  2299 | D:5      | Noticed a sky beast
  2336 | D:5      | Killed a sky beast
  2337 | D:5      | Reached skill level 7 in Polearms
  2372 | D:5      | Noticed Ijyb
  2375 | D:4      | Noticed a black bear
  2424 | D:3      | Noticed GilGalad's ghost (amateur DECj)
  2516 | D:3      | Found a runed translucent gate.
  2516 | D:3      | Found a runed translucent gate.
  2516 | D:3      | Found a runed translucent gate.
  2746 | D:4      | Killed a black bear
  2747 | D:4      | Reached skill level 5 in Fighting
  2747 | D:4      | Reached XP level 7. HP: 56/56 MP: 7/7
  2937 | D:4      | Noticed Blork the orc
  2972 | D:4      | Found Digiplan's Antique Armour Shop.
  2973 | D:4      | Noticed Grinder
  3112 | D:4      | Found Ilaheatz's General Store.
  3245 | D:5      | Killed Ijyb
  3506 | D:5      | Reached skill level 8 in Polearms
  3730 | D:5      | Found Zimpuis's Gadget Gallery.
  3813 | D:4      | Found Hodgh's Weapon Boutique.
  4074 | D:6      | Reached XP level 8. HP: 41/64 MP: 8/8
  4236 | D:6      | Found a staircase to the Ecumenical Temple.
  4244 | Temple   | Entered the Ecumenical Temple
  4341 | Temple   | Became a worshipper of Warmaster Okawaru
  4479 | D:6      | Noticed DemonSlayer's ghost (novice DgFE)
  4492 | D:6      | Found a transporter.
  4497 | D:6      | Found a transporter.
  4499 | D:6      | Noticed a queen bee
  4751 | D:6      | Reached skill level 9 in Polearms
  5332 | D:7      | Noticed a wyvern
  5349 | D:7      | Killed a wyvern
  5456 | D:7      | Reached skill level 1 in Armour
  5500 | D:7      | Reached * piety under Okawaru
  5574 | D:7      | Reached skill level 10 in Polearms
  5574 | D:7      | Reached XP level 9. HP: 30/72 MP: 9/9
  5817 | D:7      | Noticed a troll
  5826 | D:7      | Killed a troll
  5934 | D:7      | Noticed Maggie
  6123 | D:4      | Killed Grinder
  6155 | D:4      | Killed Blork the orc
  6207 | D:4      | Noticed Robin
  6247 | D:4      | Killed Robin
  6321 | D:4      | Found a runed translucent door.
  6470 | D:4      | Noticed dornbeast's ghost (weakling DsDe)
  6642 | D:8      | Reached ** piety under Okawaru
  6647 | D:8      | Noticed a two-headed ogre
  6659 | D:8      | Killed a two-headed ogre
  6660 | D:8      | Reached skill level 11 in Polearms
  6660 | D:8      | Reached skill level 10 in Dodging
  6883 | D:8      | Noticed a hornet
  6962 | D:8      | Killed a hornet
  6962 | D:8      | Reached *** piety under Okawaru
  6963 | D:8      | Reached XP level 10. HP: 71/82 MP: 7/10
  7009 | D:8      | Found an ornate altar of the Wu Jian Council.
  7763 | D:8      | Identified a scroll of acquirement
  7763 | D:8      | Acquired the +7 pearl dragon scales of the Morning {rElec
                  | rN+}
  7791 | D:9      | Noticed a centaur warrior
  8457 | D:8      | Reached skill level 12 in Polearms
  8641 | D:9      | Noticed a two-headed ogre
  8663 | D:9      | Killed a two-headed ogre
  8663 | D:9      | Reached **** piety under Okawaru
  8944 | D:9      | Killed a centaur warrior
  9026 | D:9      | Reached XP level 11. HP: 79/89 MP: 8/11
  9038 | D:9      | Reached ***** piety under Okawaru
  9070 | D:9      | Noticed Maurice
  9091 | D:9      | Killed Maurice
  9155 | D:9      | Reached skill level 13 in Polearms
  9306 | D:9      | Found a staircase to the Lair.
  9339 | D:9      | Found a glowing golden altar of the Shining One.
  9340 | D:9      | Found a blossoming altar of Fedhas.
  9636 | D:9      | Found a staircase to the Orcish Mines.
 10112 | D:9      | Reached skill level 5 in Throwing
 10112 | D:9      | Reached skill level 5 in Armour
 10132 | D:9      | Reached skill level 10 in Fighting
 10514 | Orc:1    | Entered Level 1 of the Orcish Mines
 10978 | D:4      | Bought the +5 scythe "Finisher" {speed, eviscerate} for 451
                  | gold pieces
 10978 | D:4      | Found the +5 scythe "Finisher" {speed, eviscerate}
 11060 | D:10     | Entered Level 10 of the Dungeon
 11174 | D:10     | Noticed a centaur warrior
 11180 | D:10     | Killed a centaur warrior
 11441 | D:10     | Received a gift from Okawaru
 11482 | D:10     | Reached skill level 14 in Polearms
 11640 | D:10     | Found a hazy altar of Hepliaklqana.
 11643 | D:10     | Found a white marble altar of Elyvilon.
 11652 | D:10     | Reached XP level 12. HP: 99/99 MP: 12/12
 11957 | Lair:1   | Entered Level 1 of the Lair of Beasts
 12654 | Lair:1   | Noticed an eight-headed hydra
 12806 | D:4      | Bought a +1 battleaxe of flaming for 205 gold pieces
 12899 | Lair:1   | Killed a two-headed hydra
 13703 | Lair:2   | You fall into a shaft and drop 1 floor!
 13893 | Lair:2   | Reached ****** piety under Okawaru
 13893 | Lair:2   | Received a gift from Okawaru
 13999 | Lair:2   | Noticed a four-headed hydra
 14013 | Lair:2   | Killed a one-headed hydra
 14013 | Lair:2   | Received a gift from Okawaru
 14013 | Lair:2   | Found the +2 hat of the Bear Spirit {Spirit, *Rage Will++}
 14616 | Lair:3   | Noticed Rupert
 14641 | Lair:2   | Reached skill level 15 in Polearms
 14740 | Lair:3   | Paralysed by Rupert for 2 turns
 14773 | Lair:2   | Mangled by Rupert

Illustrated notes

Levels and vault maps discovered:
D:1:      ldierk_water_garden, layout_basic
D:2:      layout_basic, basic_ecumenical_altar
D:3:      layout_rooms, gammafunk_ghost_icy
D:4:      layout_cave_pools, serial_shops, nicolae_shop_window_shopping,
          nicolae_shop_trees, nicolae_take_the_stairs,
          ebering_ghost_reflecting_pool, uniq_robin, uniq_blork_the_orc,
          uniq_grinder
D:5:      layout_rooms, nicolae_shop_gadgets, uniq_ijyb
D:6:      layout_loops_ring, minmay_temple_entry_proselytizer,
          gammafunk_ghost_hive
D:7:      layout_basic, uniq_maggie, uniq_prince_ribbit1
D:8:      layout_layer_cave, minmay_ruined_shrine
D:9:      wad_woods_minihive, layout_cave_pools, nicolae_overflow_squiral,
          orc_0_dummy, special_room [special_room_orc], st_stairs_13,
          minmay_gold_behind_fungi, uniq_maurice
D:10:     layout_basic, nicolae_overflow_hidden_temple
Temple:   compressed_dpeg_circular_temple
Lair:1:   layout_long_grid
Lair:2:   layout_cave_pods, enter_volcano_2
Lair:3:   layout_small_grid, skrybe_swamp_entry_bodies, serial_bayou_pond_a,
          uniq_rupert
Orc:1:    layout_caves

Skill      XL: |  1  2  3  4  5  6  7  8  9 10 11 12 |
---------------+-------------------------------------+-----
Polearms       | 5 6 7 8 10 11 12 14 15 | 15.0
Fighting       | 3 4 5 6 7 8 9 10 11 | 11.4
Dodging        | 5 6 7 9 10 11 12 13 | 13.8
Armour         | 1 3 4 5 6 |  6.4
Throwing       | 4 6 7 |  7.3

Action                   |  1- 3 |  4- 6 |  7- 9 | 10-12 || total
-------------------------+-------+-------+-------+-------++-------
Melee: Trident           |   114 |    97 |   351 |   490 ||  1052
       Punch             |     1 |       |     1 |     9 ||    11
       Scythe            |       |       |       |   234 ||   234
       Tailslap          |       |       |       |     4 ||     4
       Battleaxe         |       |       |       |    10 ||    10
Throw: Dart              |       |     2 |     8 |       ||    10
       Throwing net      |       |     3 |     3 |       ||     6
Invok: Heroism           |       |       |     3 |    10 ||    13
       Finesse           |       |       |       |     2 ||     2
Evoke: Wand              |       |       |     3 |    22 ||    25
  Use: Scroll            |     4 |     8 |     5 |     5 ||    22
       Potion            |       |     2 |     2 |    11 ||    15
 Stab: Sleeping          |     2 |     1 |     1 |       ||     4
       Distracted        |       |     1 |     1 |       ||     2
Armor: Leather armour    |    18 |    15 |    47 |       ||    80
       Troll leather arm |       |       |    26 |     1 ||    27
       Pearl dragon scal |       |       |       |   333 ||   333
Dodge: Dodged            |    40 |    43 |   175 |   657 ||   915
